 Dungeon Crawl Stone Soup version 0.28-a0-305-g9e858e973b (webtiles) character file.

Game seed: 9542524307893817998

58 dolemite99 the Conjurer (level 3, 0/29 HPs)
             Began as a Demonspawn Cinder Acolyte on Aug 29, 2021.
             Was a High Priest of Ignis.
             Slain by a crimson imp (1 damage)
             ... summoned by Natasha
             ... on level 2 of the Dungeon.
             The game lasted 00:03:40 (2407 turns).

dolemite99 the Conjurer (Demonspawn Cinder Acolyte) Turns: 2407, Time: 00:03:41

Health: 0/29       AC:  3    Str: 15    XL:     3   Next: 75%
Magic:  2/4        EV: 11    Int: 15    God:    Ignis [*****.]
Gold:   47         SH:  0    Dex:  8    Spells: 3/4 levels left

rFire   + . .      SeeInvis .   p - +0 quarterstaff
rCold   . . .      Faith    .   (shield currently unavailable)
rNeg    . . .      Spirit   .   b - +0 robe
rPois   .          Reflect  .   (no helmet)
rElec   .          Harm     .   j - +0 cloak {rCorr}
rCorr   +          Rampage  .   (no gloves)
Will    .....                   (no boots)
Stlth   +.........              (no amulet)
HPRegen 0.09/turn               (no ring)
MPRegen 0.09/turn               (no ring)

@: brilliant
A: hooves 1
a: Renounce Religion, Sea of Fire, Foxfire Swarm, Rising Flame


You were on level 2 of the Dungeon.
You worshipped Ignis.
Ignis was extremely pleased with you.
You visited 1 branch of the dungeon, and saw 2 of its levels.

You collected 47 gold pieces.

Inventory:

Hand Weapons
 a - a -1 spear of flaming
 d - a +0 mace
 h - a +0 hand axe
 p - a +0 quarterstaff (weapon)
Missiles
 c - 82 arrows
 e - 6 boomerangs
 n - 66 stones
Armour
 b - a +0 robe (worn)
 j - a +0 cloak of preservation (worn)
 k - a +0 leather armour
Scrolls
 f - a scroll of enchant weapon {unknown}
 g - 2 scrolls of identify {unknown}
 l - a scroll of brand weapon {unknown}
 m - a scroll of vulnerability {unknown}
 o - a scroll of fog {unknown}
 q - 3 scrolls of immolation {unknown}


   Skills:
 - Level 3.0 Fighting
 - Level 2.6 Polearms
 - Level 1.0 Spellcasting
 + Level 3.4 Conjurations
 - Level 0.8 Fire Magic


You had 3 spell levels left.
You knew the following spells:

 Your Spells              Type           Power      Damage    Failure   Level
a - Foxfire               Conj/Fire      40%        2x1d6     10%         1

Your spell library contained the following spells:

 Spells                   Type           Power      Damage    Failure   Level
 Call Canine Familiar     Summ           1%         N/A       58%         3
 Iskenderun's Mystic Bla  Conj/Tloc      8%         2d4       77%         4
 Summon Ice Beast         Ice/Summ       1%         N/A       94%         4
 Statue Form              Tmut/Erth      0%         N/A       100%        6
 Malign Gateway           Summ/Tloc      0%         N/A       100%        7
 Spellforged Servitor     Conj/Summ      4%         N/A       100%        7


Dungeon Overview and Level Annotations

Branches:
Dungeon (2/15)

Altars:

Shops:
D:1 !

Annotations:
D:2 Natasha


Innate Abilities, Weirdness & Mutations

You have large cloven feet.


Message History

Natasha is moderately wounded.
Natasha claws you but does no damage.
Your foxfire dissipates!
Your foxfire dissipates!
Natasha casts a spell.
Natasha stares at you and mumbles some strange words.
The magic dart hits you.
Casting: Foxfire (safe; 10% risk of failure)
Confirm with . or Enter, or press ? or * to list all spells.
You conjure some foxfire!
Natasha mumbles some strange words.
The crimson imp shouts, "Fly, thou defiled crook-pated wagtail!"
The foxfire hits Natasha.
Natasha is moderately wounded.
Natasha stares at you and mumbles some strange words.
The magic dart hits you.
Your foxfire dissipates!
The crimson imp blinks!
Natasha mewls in sadness.
Casting: Foxfire (safe; 10% risk of failure)
Confirm with . or Enter, or press ? or * to list all spells.
You conjure some foxfire!
Natasha barely misses you.
The foxfire hits the crimson imp.
The crimson imp completely resists.
Natasha barely misses you.
The crimson imp blinks!
You closely miss the crimson imp. Your kick misses the crimson imp.
Natasha claws you but does no damage. The crimson imp barely misses you.
You closely miss the crimson imp. Your kick misses the crimson imp.
The crimson imp shouts, "Accept thy failure, thou fulsome sow-suckled bladder!"
The crimson imp blinks!
Natasha claws you. The crimson imp closely misses you.
You closely miss the crimson imp. You kick the crimson imp.
The crimson imp is moderately wounded.
The crimson imp blinks!
Natasha stares at you and mumbles some strange words.
The magic dart hits you!
* * * LOW HITPOINT WARNING * * *
The crimson imp hits you but does no damage.
It was a potion of brilliance.
You feel clever all of a sudden. Natasha claws you but does no damage.
The crimson imp hits you.
You die...

.# ######.# #.#.##
.# #......# #.#.##
.# #.###### #.#...
.# #.# #.#... .#
#.# #..... .# #ยง#
####### ###.## .#
#.# #.....# #.# ##
#h# #.....# #.#
#@# #.....# #.#
#5# #.....# #.#
#.# #.....# #.#
#.###.....#####.#
#.<.............#
#5###.....########
#.........'.......
#####.....########
#.....#


You could see Natasha and 2 crimson imps.

Vanquished Creatures
  Natasha (D:2)
  An adder (D:2)
  A dart slug (D:1)
  2 endoplasms
  A giant cockroach (D:1)
  A goblin (D:2)
  A hobgoblin (D:1)
  3 jackals (D:1)
  4 kobolds (D:1)
  2 ball pythons (D:1)
  5 bats
  2 frilled lizards (D:1)
  A rat (D:1)
25 creatures vanquished.

Vanquished Creatures (others)
  58 foxfires
58 creatures vanquished.

Grand Total: 83 creatures vanquished

Notes
Turn   | Place    | Note
-------+----------+-------------------------------------------
     0 | D:1      | dolemite99 the Demonspawn Cinder Acolyte began the quest
                  | for the Orb.
     0 | D:1      | Reached XP level 1. HP: 18/18 MP: 2/2
     3 | D:1      | Got the Tome of Supportive Confrontation
    90 | D:1      | Reached skill level 1 in Conjurations
   181 | D:1      | Gained mutation: You have large cloven feet. [demonic
                  | ancestry]
   181 | D:1      | Reached XP level 2. HP: 22/24 MP: 1/3
   860 | D:1      | Got the Compendium of Transformation and Orientation
  1105 | D:1      | Found Feonyc's Distillery.
  1318 | D:1      | Found a faded altar of an unknown god.
  1854 | D:2      | Noticed Natasha
  1861 | D:2      | Killed Natasha
  1862 | D:2      | Reached XP level 3. HP: 15/29 MP: 0/4
  2378 | D:2      | Noticed Natasha
  2406 | D:2      | HP: 1/29 [Natasha/magic dart (9)]
  2407 | D:2      | Slain by a crimson imp

Illustrated notes

Levels and vault maps discovered:
D:1:      mrwooster_arrival_statue_2, layout_rooms, serial_shops, shop,
          dreamdust_ecumenical_altar_statues
D:2:      layout_basic, uniq_natasha

Skill      XL: |  1  2 |
---------------+-------+-----
Conjurations   | 1 3 |  3.4
Fighting       | |  3.0
Polearms       | |  2.6
Spellcasting   | |  1.0
Fire Magic     | |  0.8

Action                   || total
-------------------------++-------
Melee: Spear             ||    26
       Kick              ||     3
       Quarterstaff      ||     6
 Cast: Foxfire           ||    37
  Use: Potion            ||     1
Armor: Robe              ||    41
Dodge: Dodged            ||    76

Table legend: (Time is in decaauts)
 A = Elapsed time spent in this place.
 B = Non-inter-level travel time spent in this place.
 C = Inter-level travel time spent in this place.
 D = Time resting spent in this place.
 E = Time spent auto-exploring this place.
 F = Levels seen in this place.
 G = Mean time per level.
                   A        B        C        D        E       F      G
               +--------+--------+--------+--------+--------+-----+--------+
         Total |   2406 |   2373 |     33 |    950 |   1058 |   2 | 1203.0 |
       Dungeon |   2406 |   2373 |     33 |    950 |   1058 |   2 | 1203.0 |
               +--------+--------+--------+--------+--------+-----+--------+

Top non-repeatable levels by time:
     D:1: 1536 daAuts
     D:2: 870 daAuts
